 Dungeon Crawl Stone Soup version 0.31-a0-851-g7ff8af7976 (webtiles) character file.

Game seed: 3974034476397851021

462 BinkBink the Chopper (level 7, -3/87 (91) HPs)
             Began as a Hill Orc Fighter on Oct 6, 2023.
             Was an Initiate of Dithmenos.
             Slain by Duvessa
             ... wielding a +1 rapier of holy wrath
              (19 damage)
             ... on level 4 of the Dungeon.
             The game lasted 00:04:36 (3296 turns).

BinkBink the Chopper (Hill Orc Fighter)             Turns: 3296, Time: 00:04:36

HP:   -3/87 (91)    AC: 23    Str: 21    XL:     7   Next: 7%
MP:   7/7           EV:  2    Int:  8    God:    Dithmenos [......]
Gold: 186           SH:  4    Dex: 10    Spells: 6/6 levels left

rFire   . . .        a - +0 war axe
rCold   . . .        c - +0 buckler
rNeg    . . .        b - melded +0 scale mail
rPois   +            r - melded +3 crown of Dyrovepreva {rElec Int+2 SInv}
rElec   .            (cloak currently unavailable)
rCorr   .            (gloves currently unavailable)
SInv    .            (boots currently unavailable)
Will    .....        (no amulet)
Stlth   +            (no ring)
HPRegen 0.34/turn    (no ring)
MPRegen 0.10/turn

%: no passive effects
@: mighty, tree-form, lightly drained
A: stationary, stasis, torment immunity, boosted hp
a: Renounce Religion


You were on level 4 of the Dungeon.
You worshipped Dithmenos.
Dithmenos was noncommittal.
You were a tree.
You visited 2 branches of the dungeon, and saw 5 of its levels.

You collected 186 gold pieces.

Inventory:

Hand Weapons
 a - a +0 war axe (weapon)
Armour
 b - a +0 scale mail (melded)
 c - a +0 buckler (worn)
 r - the +3 crown of Dyrovepreva (melded) {rElec Int+2 SInv}
   (You found it on level 3 of the Dungeon)

   Int+2:     It affects your intelligence (+2).
   rElec:     It insulates you from electricity.
   SInv:      It lets you see invisible.
Jewellery
 i - a ring of wizardry
 m - a ring of see invisible
Scrolls
 e - 3 scrolls of teleportation {unknown}
 f - a scroll of enchant weapon {unknown}
 h - 2 scrolls of enchant armour {unknown}
 j - 2 scrolls of blinking {unknown}
 o - 3 scrolls of revelation {unknown}
 p - 3 scrolls of identify {unknown}
 s - a scroll of fear {unknown}
Potions
 d - a potion of might
 g - a potion of curing
 k - a potion of ambrosia {unknown}
 l - a potion of haste {unknown}
 n - 2 potions of lignification


   Skills:
 + Level 5.1 Fighting
 * Level 6.0 Axes
 + Level 4.6 Armour
 + Level 1.9 Dodging
 + Level 4.5 Shields


You had 6 spell levels left.
You didn't know any spells.
Your spell library contained the following spells:

 Spells                   Type           Power      Damage    Failure   Level
 Magic Dart               Conj           0%         1d3       47%         1
 Call Imp                 Summ           0%         N/A       63%         2
 Ensorcelled Hibernation  Hex/Ice        0%         N/A       63%         2
 Jinxbite                 Hex            0%         N/A       63%         2
 Mephitic Cloud           Conj/Pois/Air  0%         N/A       85%         3
 Anguish                  Hex/Necr       0%         N/A       99%         4


Dungeon Overview and Level Annotations

Branches:
Dungeon (4/15)             Temple (1/1) D:4

Altars:
Ashenzari
Cheibriados
Dithmenos
Elyvilon
Fedhas
Gozag
Hepliaklqana
Kikubaaqudgha
Makhleb
Nemelex Xobeh
Okawaru
Qazlal
Ru
Sif Muna
Trog
Uskayaw
Vehumet
Wu Jian
Xom
Yredelemnul
Zin
The Shining One

Annotations:
D:4 Duvessa


Message History

* * * LOW HITPOINT WARNING * * *
It was a potion of heal wounds.
You feel much better. Duvessa hits you but does no damage.
You feel very mighty all of a sudden. You block Duvessa's attack.
Duvessa hits you but does no damage.
Okay, then.
You barely miss Duvessa.
Duvessa is lightly wounded.
Duvessa hits you with a +1 rapier of holy wrath!
* * * LOW HITPOINT WARNING * * *
Duvessa hits you with a +1 rapier of holy wrath!
* * * LOW HITPOINT WARNING * * *
You feel much better.
Duvessa hits you with a +1 rapier of holy wrath.
You slash Duvessa!
Duvessa is moderately wounded.
Duvessa hits you but does no damage. You block Duvessa's attack.
You barely miss Duvessa.
Duvessa is moderately wounded.
Duvessa hits you with a +1 rapier of holy wrath. x2
* * * LOW HITPOINT WARNING * * *
You slice Duvessa!!
Duvessa is severely wounded.
Duvessa hits you with a +1 rapier of holy wrath.
* * * LOW HITPOINT WARNING * * *
Duvessa hits you but does no damage.
You slash Duvessa!
Duvessa is almost dead.
Duvessa hits you with a +1 rapier of holy wrath!
* * * LOW HITPOINT WARNING * * *
Duvessa hits you with a +1 rapier of holy wrath!
* * * LOW HITPOINT WARNING * * *
You barely miss Duvessa.
Duvessa is almost dead.
Duvessa hits you with a +1 rapier of holy wrath.
* * * LOW HITPOINT WARNING * * *
You block Duvessa's attack.
You feel better.
Duvessa hits you with a +1 rapier of holy wrath!!
You die...

# #.# # #.#.# # ###
.#.## # ##.. .<.# #
####### ...
#..#.##.........
#..###o.......#######
#..#oo.....#.. #
#..#e##.#..... #
#..#♣##.# .... ##
#.†.....# ### #.
####.#### #. ##...###
#. #......## #)
#.......## #.
#........# #.
##......## #.
#####.## ##


You could see Duvessa (berserk) and 3 orcs.

Vanquished Creatures
  A phantom (D:3)
  A scorpion (D:3)
  Dowan (D:4)
  A hound (D:4)
  An iguana (D:4)
  An orc wizard (D:4)
  4 gnolls (D:2)
  7 adders
  A white imp (D:4)
  2 dart slugs
  10 orcs
  8 ball pythons
  6 bats
  4 endoplasms
  7 giant cockroaches
  6 goblins
  3 hobgoblins
  4 jackals (D:1)
  3 quokkas
  A frilled lizard (D:3)
  8 kobolds
  9 rats
89 creatures vanquished.

Notes
Turn   | Place    | Note
-------+----------+-------------------------------------------
     0 | D:1      | BinkBink the Hill Orc Fighter began the quest for the Orb.
     0 | D:1      | Reached XP level 1. HP: 19/19 MP: 1/1
    67 | D:1      | Reached skill level 3 in Axes
    69 | D:1      | Reached XP level 2. HP: 23/27 MP: 2/2
   554 | D:1      | Reached XP level 3. HP: 33/33 MP: 3/3
  1030 | D:2      | Reached XP level 4. HP: 40/40 MP: 4/4
  1053 | D:2      | Reached skill level 4 in Axes
  1060 | D:2      | Reached skill level 1 in Dodging
  1300 | D:2      | Reached XP level 5. HP: 9/47 MP: 5/5
  1972 | D:3      | Found the +3 crown of Dyrovepreva {rElec Int+2 SInv}
  2054 | D:3      | Found a bloodstained altar of Trog.
  2055 | D:3      | Found a snail-covered altar of Cheibriados.
  2062 | D:3      | Found a sparkling altar of Nemelex Xobeh.
  2104 | D:3      | Found a faded altar of an unknown god.
  2243 | D:3      | Noticed a phantom
  2252 | D:3      | Killed a phantom
  2253 | D:3      | Reached skill level 5 in Axes
  2253 | D:3      | Reached XP level 6. HP: 34/53 MP: 6/6
  2341 | D:3      | Found an iron altar of Okawaru.
  2341 | D:3      | Found a hide-covered altar of Uskayaw.
  2942 | D:4      | Found a staircase to the Ecumenical Temple.
  2960 | D:4      | Identified the +3 robe "Evizot" {Int+3 Dex+2}
  2967 | Temple   | Entered the Ecumenical Temple
  2975 | Temple   | Became a worshipper of Dithmenos the Shadowed
  3051 | D:4      | Noticed Dowan
  3051 | D:4      | Noticed Duvessa
  3120 | D:4      | Killed Dowan
  3121 | D:4      | Reached skill level 5 in Fighting
  3178 | D:4      | Reached XP level 7. HP: 57/57 MP: 7/7
  3260 | D:4      | Reached skill level 6 in Axes
  3296 | D:4      | Slain by Duvessa

Illustrated notes

Levels and vault maps discovered:
D:1:      dpeg_arrival_shelter, layout_basic, serial_forest,
          infiniplex_forest_lined_corner, infiniplex_forest_clump_cross,
          infiniplex_forest_lined_corner, infiniplex_forest_end_3,
          infiniplex_forest_clump_tiny, infiniplex_forest_clump_small,
          infiniplex_forest_clump_tiny, infiniplex_forest_clump_curved,
          infiniplex_forest_lined_1
D:2:      layout_basic, minmay_misc_feat_enclosed, minmay_ruptured
D:3:      layout_basic, mainiacjoe_overflow_big_doors,
          gammafunk_temple_overflow_forgotten,
          shapermc_ecumenical_altar_starsandcircs, nrook_mini_vaults,
          minmay_parallelograms
D:4:      layout_loops_cross, temple_green, uniq_duvessa
Temple:   sentei_temple_godly_chess

Skill      XL: |  1  2  3  4  5  6  7 |
---------------+----------------------+-----
Axes           | 3 4 5 6 |  6.0
Fighting       | 4 5 |  5.1
Dodging        | 1 |  1.9
Armour         | 4 |  4.6
Shields        | 4 |  4.5

Action                     |  1- 3 |  4- 6 |  7- 9 || total
---------------------------+-------+-------+-------++-------
  Melee: War axe           |    71 |   192 |    21 ||   284
    Use: Potion            |       |       |     6 ||     6
 Armour: Scale mail        |    63 |   116 |    15 ||   194
         Skin              |       |       |    16 ||    16
  Dodge: Dodged            |    44 |    81 |     9 ||   134
  Block: Buckler           |    15 |    36 |     6 ||    57

Table legend: (Time is in decaauts)
 A = Elapsed time spent in this place.
 B = Non-inter-level travel time spent in this place.
 C = Inter-level travel time spent in this place.
 D = Time resting spent in this place.
 E = Time spent auto-exploring this place.
 F = Levels seen in this place.
 G = Mean time per level.
                   A        B        C        D        E       F      G
               +--------+--------+--------+--------+--------+-----+--------+
         Total |   3382 |   3300 |     82 |      0 |   2602 |   5 |  676.4 |
       Dungeon |   3369 |   3297 |     72 |      0 |   2602 |   4 |  842.2 |
        Temple |     12 |      2 |     10 |      0 |      0 |   1 |   12.0 |
               +--------+--------+--------+--------+--------+-----+--------+

Top non-repeatable levels by time:
     D:2: 991 daAuts
     D:3: 973 daAuts
     D:1: 957 daAuts
     D:4: 447 daAuts
  Temple: 12 daAuts
